 Dungeon Crawl Stone Soup version 0.23.0-3-gf3c87f2 (webtiles) character file.

Game seed: 3849947451403578124

11111 xccam the Fighter (level 11, -12/92 HPs)
             Began as a Gnoll Wanderer on Feb 20, 2019.
             Was an Initiate of Gozag.
             Hit by a large rock thrown by a stone giant (35 damage)
             ... on level 10 of the Dungeon.
             The game lasted 00:26:57 (11013 turns).

xccam the Fighter (Gnoll Wanderer)                 Turns: 11013, Time: 00:26:58

Health: -12/92     AC: 14    Str: 17    XL:     11   Next: 72%
Magic:  23/23      EV: 12    Int: 14    God:    Gozag
Gold:   1204       SH:  0    Dex: 21    Spells: 25/26 levels left

rFire    . . .     SeeInvis .   a - +1 scimitar (flame)
rCold    . . .     Gourm    .   (no shield)
rNeg     . . .     Faith    .   r - +0 chain mail
rPois    +         Spirit   .   n - +0 helmet
rElec    .         Reflect  .   D - +0 cloak of Dyspraxia {MR++ Dex+4}
rCorr    .         Harm     .   F - +0 pair of gloves
MR       ++...                  (no boots)
Stlth    +.........             (no amulet)
HPRegen  0.25/turn              c - +1 ring of slaying
MPRegen  0.18/turn              h - +3 ring of dexterity

@: gold aura
A: distributed training, fangs 1, blurry vision 1, dopey 1, poison resistance,
sturdy frame 1, strong nose
a: Potion Petition, Call Merchant, Bribe Branch, Renounce Religion


You were on level 10 of the Dungeon.
You worshipped Gozag.
Gozag was most pleased with you.
You were not hungry.

You visited 2 branches of the dungeon, and saw 11 of its levels.

You collected 1724 gold pieces.
You spent 439 gold pieces at shops.
You paid 81 gold pieces to Gozag.

Inventory:

Hand Weapons
 a - a +1 scimitar of flaming (weapon)
 b - a +1 hand crossbow of freezing
Missiles
 k - 92 bolts
Armour
 n - a +0 helmet (worn)
 r - a +0 chain mail (worn)
 D - the +0 cloak of Dyspraxia (worn) {MR++ Dex+4}
   (You bought it in a shop on level 9 of the Dungeon)

   It affects your dexterity (+4).
   It affects your resistance to hostile enchantments.
 F - a +0 pair of gloves (worn)
Jewellery
 c - a +1 ring of slaying (left hand)
 h - a +3 ring of dexterity (right hand)
Wands
 t - a wand of iceblast (8)
Scrolls
 d - 2 scrolls of remove curse
 i - 3 scrolls of magic mapping
 j - 5 scrolls of teleportation
 l - 3 scrolls of enchant weapon
 o - 2 scrolls of immolation {unknown}
 q - 2 scrolls of blinking
 u - 2 scrolls of amnesia {unknown}
 w - 3 scrolls of enchant armour
 y - a scroll of random uselessness {unknown}
 C - a scroll of summoning {unknown}
 I - a scroll of torment {unknown}
Potions
 e - a potion of might
 g - 3 potions of curing
 m - a potion of agility
 p - 3 potions of magic
 v - 3 potions of flight
 x - 3 potions of brilliance
 B - a potion of haste
 E - 2 potions of lignification
Comestibles
 f - 23 rations


   Skills:
 + Level 10.6 Fighting
 + Level 6.4 Short Blades
 + Level 6.4 Long Blades
 + Level 6.4 Axes
 + Level 6.4 Maces & Flails
 + Level 6.4 Polearms
 + Level 6.4 Staves
 + Level 6.4 Slings
 + Level 6.4 Bows
 + Level 6.4 Crossbows
 + Level 8.0 Throwing
 + Level 7.0 Armour
 + Level 6.4 Dodging
 + Level 6.4 Stealth
 + Level 6.4 Shields
 + Level 6.4 Unarmed Combat
 + Level 8.2 Spellcasting
 + Level 5.3 Conjurations
 + Level 5.3 Hexes
 + Level 5.3 Charms
 + Level 5.3 Summonings
 + Level 5.3 Necromancy
 + Level 5.3 Translocations
 + Level 5.3 Transmutations
 + Level 5.3 Fire Magic
 + Level 5.8 Ice Magic
 + Level 5.3 Air Magic
 + Level 5.3 Earth Magic
 + Level 5.3 Poison Magic
 + Level 7.1 Invocations
 + Level 6.4 Evocations


You had 25 spell levels left.
You knew the following spells:

 Your Spells              Type           Power        Failure   Level  Hunger
a - Magic Dart            Conj           ###.         9%          1    None

Your spell library contained the following spells:

 Spells                   Type           Power        Failure   Level  Hunger
 Corona                   Hex            ###....      9%          1    None
 Ensorcelled Hibernation  Hex/Ice        ###...       12%         2    None
 Throw Frost              Conj/Ice       ###...       12%         2    None
 Blink                    Tloc           N/A          13%         2    None
 Call Imp                 Summ           ###.....     13%         2    None
 Slow                     Hex            ###.....     13%         2    None
 Conjure Flame            Conj/Fire      ###.....     26%         3    ##.....
 Inner Flame              Hex/Fire       ###.....     26%         3    ##.....
 Mephitic Cloud           Conj/Pois/Air  ###.....     26%         3    ##.....
 Portal Projectile        Hex/Tloc       ###...       26%         3    ##.....
 Cause Fear               Hex            ###.......   65%         4    ####...
 Leda's Liquefaction      Hex/Erth       ###.......   65%         4    ####...


Dungeon Overview and Level Annotations

Branches:
Dungeon (10/15)            Temple (1/1) D:6            Lair (0/6) D:8
    Orc (0/2) D:10

Altars:
Ashenzari
Cheibriados
Dithmenos
Elyvilon
Fedhas
Gozag
Hepliaklqana
Kikubaaqudgha
Makhleb
Nemelex Xobeh
Okawaru
Qazlal
Ru
Sif Muna
Trog
Uskayaw
Vehumet
Wu Jian
Xom
Yredelemnul
Zin
The Shining One

Shops:
D:5 ?   D:9 *

Annotations:
D:6 3 runed translucent doors, theswoord's ghost, novice DsGl


Innate Abilities, Weirdness & Mutations

Your experience applies equally to all skills.
You have very sharp teeth.
Your uncanny sense of smell can sniff out nearby items.
Scrolls take you a little longer to read.
You are dopey. (Int -2)
Your system is resistant to poisons. (rPois)
Your movements are slightly less encumbered by armour. (ER -2)


Message History

Aiming: Disintegrate
Press: ? - help, Shift-Dir - straight line, f/p - ice dragon
Aim: an ice dragon (severely wounded, catching its breath, chance to defeat MR: 73%)
The ice dragon is blasted!!
You blow up the ice dragon!
Your Throwing skill increases to level 8!
Your Armour skill increases to level 7!
The now-empty wand crumbles to dust.
You hit the jelly. You burn the jelly.
Your hands burn!
* * * LOW HITPOINT WARNING * * *
The jelly is moderately wounded.
The jelly closely misses you.
You riposte.
You slash the jelly! You burn the jelly.
You kill the jelly!
A stone giant comes into view.
Found 94 gold pieces and 11 stones.
You see here 24 gold pieces.
The stone giant throws a large rock.
The large rock hits you!!
You die...
Your body crumbles into a pile of gold.

...# ................
##.# .#########.#####
# .# ..##.........# (
. ∆
#####..#.######..# ##
. ##/$(##.#.#.###.#.#
# ##
#$$$$$#.#.##.#.##.# #
#%$..$#...###.## .. .
#$..$$#.#.##.#.# .#
#@..##.#.#.###[#.#
#..##$##..#..######.#
#.......##.........#
####.#########.####
#.#C .. #.# # ..# #.#
.. #.# ∆∆∆ . ..# ∆ ∆
∆ ∆


You could see a stone giant.

Vanquished Creatures
  Erolcha (D:9)
  An ice dragon (D:10)
  Harold (D:9)
  Erica (D:9)
  2 two-headed ogres
  Pikel (D:7)
  A centaur zombie (D:10)
  A kobold demonologist (D:9)
  A queen bee (D:9)
  3 hornets
  2 hippogriffs (D:7)
  Sigmund (D:2)
  A wyvern (D:10)
  Eustachio (D:4)
  A soldier ant (D:9)
  A water moccasin (D:8)
  A porcupine (D:8)
  3 ice beasts
  A slave (D:7)
  A sky beast (D:8)
  3 orc warriors
  3 ogres
  A phantom (D:4)
  5 centaurs
  3 big kobolds (D:9)
  3 bullfrogs
  2 gnoll sergeants
  A water moccasin skeleton (D:6)
  6 scorpions
  22 killer bees (D:9)
  A howler monkey (D:9)
  An electric eel (D:8)
  2 crimson imps
  4 jellies
  2 hounds (D:8)
  3 bullfrog skeletons
  2 centaur skeletons
  2 iguanas
  Ijyb (D:4)
  6 worker ants
  Terence (D:3)
  2 hound skeletons
  4 gnolls (D:8)
  A howler monkey skeleton (D:9)
  11 adders
  6 shadow imps
  An ooze (D:2)
  An adder zombie (D:7)
  2 worms
  4 dart slugs (D:1)
  11 leopard geckos
  20 orcs
  6 bats
  5 giant cockroaches
  2 gnoll zombies (D:6)
  6 hobgoblins
  2 jackals (D:7)
  5 quokkas
  2 frilled lizards
  16 goblins
  A jackal skeleton (D:4)
  33 kobolds
  8 kobold skeletons (D:9)
  10 kobold zombies (D:9)
  A quokka skeleton (D:4)
  6 rats
266 creatures vanquished.

Vanquished Creatures (others)
  A yak (D:9)
  2 slaves (D:7)
  A killer bee (D:9)
  A hound (D:7)
  An orc wizard (D:9)
  3 gnolls (D:7)
  An adder (D:9)
  A leopard gecko (D:9)
  2 quokkas
  A fungus (D:8)
14 creatures vanquished.

Grand Total: 280 creatures vanquished

Notes
Turn   | Place    | Note
-------+----------+-------------------------------------------
     0 | D:1      | xccam the Gnoll Wanderer began the quest for the Orb.
     0 | D:1      | xccam set off with the following items: a +0 ring mail, a
                  | +0 club, a ration; and the following spell memorised: Magic
                  | Dart; and the following spells available to memorise:
                  | Ensorcelled Hibernation, Throw Frost, Blink, Call Imp,
                  | Slow, Conjure Flame, Mephitic Cloud
     0 | D:1      | Reached XP level 1. HP: 26/26 MP: 6/6
   177 | D:1      | Reached XP level 2. HP: 26/33 MP: 7/7
   521 | D:1      | Reached XP level 3. HP: 33/38 MP: 9/9
   545 | D:1      | Reached skill level 5 in Spellcasting
   805 | D:1      | Reached skill level 1 in Invocations
   818 | D:2      | Noticed Sigmund
   997 | D:1      | Gained mutation: Your movements are slightly less
                  | encumbered by armour. (ER -2) [potion of mutation]
   997 | D:1      | Gained mutation: You are dopey. (Int -2) [potion of
                  | mutation]
   997 | D:1      | Gained mutation: Scrolls take you a little longer to read.
                  | [potion of mutation]
   997 | D:1      | Gained mutation: Your system is resistant to poisons.
                  | (rPois) [potion of mutation]
  1095 | D:2      | Reached skill level 1 in Short Blades
  1095 | D:2      | Reached skill level 1 in Long Blades
  1095 | D:2      | Reached skill level 1 in Axes
  1095 | D:2      | Reached skill level 1 in Maces & Flails
  1095 | D:2      | Reached skill level 1 in Polearms
  1095 | D:2      | Reached skill level 1 in Staves
  1095 | D:2      | Reached skill level 1 in Slings
  1095 | D:2      | Reached skill level 1 in Bows
  1095 | D:2      | Reached skill level 1 in Crossbows
  1095 | D:2      | Reached skill level 1 in Dodging
  1095 | D:2      | Reached skill level 1 in Stealth
  1095 | D:2      | Reached skill level 1 in Shields
  1095 | D:2      | Reached skill level 1 in Unarmed Combat
  1095 | D:2      | Reached skill level 1 in Evocations
  1206 | D:2      | Reached XP level 4. HP: 43/45 MP: 11/11
  1519 | D:2      | Killed Sigmund
  1519 | D:2      | Reached skill level 1 in Conjurations
  1519 | D:2      | Reached skill level 1 in Hexes
  1519 | D:2      | Reached skill level 1 in Charms
  1519 | D:2      | Reached skill level 1 in Summonings
  1519 | D:2      | Reached skill level 1 in Necromancy
  1519 | D:2      | Reached skill level 1 in Translocations
  1519 | D:2      | Reached skill level 1 in Transmutations
  1519 | D:2      | Reached skill level 1 in Fire Magic
  1519 | D:2      | Reached skill level 1 in Air Magic
  1519 | D:2      | Reached skill level 1 in Earth Magic
  1519 | D:2      | Reached skill level 1 in Poison Magic
  1519 | D:2      | Reached XP level 5. HP: 36/51 MP: 12/12
  1544 | D:2      | Reached XP level 6. HP: 44/57 MP: 13/13
  1777 | D:3      | Noticed Terence
  1797 | D:3      | Killed Terence
  2540 | D:4      | Reached skill level 5 in Throwing
  2558 | D:4      | Noticed a phantom
  2578 | D:4      | Killed a phantom
  2619 | D:4      | Noticed Ijyb
  2631 | D:4      | Killed Ijyb
  2631 | D:4      | Reached XP level 7. HP: 59/63 MP: 15/15
  2664 | D:4      | Noticed Eustachio
  2671 | D:4      | Killed Eustachio
  2998 | D:5      | Entered Level 5 of the Dungeon
  2998 | D:5      | Found Haashre's Magic Scroll Emporium.
  3006 | D:5      | Bought a scroll of identify for 22 gold pieces
  3006 | D:5      | Bought a scroll of identify for 22 gold pieces
  3006 | D:5      | Bought a scroll of blinking for 82 gold pieces
  3052 | D:5      | Reached skill level 9 in Fighting
  3114 | D:5      | Found a glowing silver altar of Zin.
  3319 | D:5      | Found an ornate altar of the Wu Jian Council.
  3687 | D:6      | Reached XP level 8. HP: 70/71 MP: 16/16
  3966 | D:6      | Noticed a hornet
  3981 | D:6      | Killed a hornet
  4239 | D:6      | Found a staircase to the Ecumenical Temple.
  4253 | Temple   | Entered the Ecumenical Temple
  4311 | Temple   | Became a worshipper of Gozag Ym Sagoz the Greedy
  4336 | D:6      | Found a runed translucent gate.
  4336 | D:6      | Found a runed translucent gate.
  4336 | D:6      | Found a runed translucent gate.
  4337 | D:6      | Noticed theswoord's ghost (novice DsGl)
  4337 | D:6      | Identified the +7 dagger "Turof" {elec, Str+7 Dex-5}
  4338 | D:6      | Noticed a kobold demonologist
  4341 | D:6      | Found a snail-covered altar of Cheibriados.
  4697 | D:6      | Found a basalt altar of Yredelemnul.
  4957 | D:7      | Noticed Pikel
  4972 | D:7      | Killed Pikel
  4972 | D:7      | Reached XP level 9. HP: 32/77 MP: 18/18
  5296 | D:7      | Found a shattered altar of Ashenzari.
  5658 | D:7      | Reached skill level 5 in Armour
  6069 | D:7      | Found a sacrificial altar of Ru.
  6129 | D:7      | Found a stormy altar of Qazlal.
  6545 | D:8      | Reached skill level 5 in Invocations
  6564 | D:8      | Found a staircase to the Lair.
  6688 | D:8      | Reached XP level 10. HP: 66/84 MP: 20/20
  7497 | D:9      | Found Plog's Assorted Antiques.
  7518 | D:9      | Bought a bloodstained cloak for 313 gold pieces
  7523 | D:9      | Identified the +0 cloak of Dyspraxia {MR++ Dex+4} (You
                  | bought it in a shop on level 9 of the Dungeon)
  7561 | D:9      | Found a shimmering altar of Xom.
  7565 | D:9      | Noticed Erolcha
  7757 | D:9      | Reached skill level 5 in Short Blades
  7757 | D:9      | Reached skill level 5 in Long Blades
  7757 | D:9      | Reached skill level 5 in Axes
  7757 | D:9      | Reached skill level 5 in Maces & Flails
  7757 | D:9      | Reached skill level 5 in Polearms
  7757 | D:9      | Reached skill level 5 in Staves
  7757 | D:9      | Reached skill level 5 in Slings
  7757 | D:9      | Reached skill level 5 in Bows
  7757 | D:9      | Reached skill level 5 in Crossbows
  7757 | D:9      | Reached skill level 5 in Dodging
  7757 | D:9      | Reached skill level 5 in Stealth
  7757 | D:9      | Reached skill level 5 in Shields
  7757 | D:9      | Reached skill level 5 in Unarmed Combat
  7757 | D:9      | Reached skill level 5 in Evocations
  7854 | D:9      | Killed Erolcha
  7854 | D:9      | Reached skill level 10 in Fighting
  8485 | D:9      | Reached skill level 5 in Ice Magic
  9098 | D:9      | Noticed Harold
  9115 | D:9      | Killed Harold
  9147 | D:9      | Reached XP level 11. HP: 59/91 MP: 22/22
  9349 | D:9      | Noticed Erica
  9733 | D:9      | Killed Erica
  9812 | D:9      | Reached skill level 5 in Conjurations
  9812 | D:9      | Reached skill level 5 in Hexes
  9812 | D:9      | Reached skill level 5 in Charms
  9812 | D:9      | Reached skill level 5 in Summonings
  9812 | D:9      | Reached skill level 5 in Necromancy
  9812 | D:9      | Reached skill level 5 in Translocations
  9812 | D:9      | Reached skill level 5 in Transmutations
  9812 | D:9      | Reached skill level 5 in Fire Magic
  9812 | D:9      | Reached skill level 5 in Air Magic
  9812 | D:9      | Reached skill level 5 in Earth Magic
  9812 | D:9      | Reached skill level 5 in Poison Magic
 10100 | D:9      | Found an ancient bone altar of Kikubaaqudgha.
 10225 | D:9      | Noticed a two-headed ogre
 10230 | D:9      | Killed a two-headed ogre
 10233 | D:9      | Found a shadowy altar of Dithmenos.
 10233 | D:9      | Found an iron altar of Okawaru.
 10233 | D:9      | Found a blossoming altar of Fedhas.
 10234 | D:9      | Found a hide-covered altar of Uskayaw.
 10461 | D:10     | Entered Level 10 of the Dungeon
 10483 | D:10     | Found a staircase to the Orcish Mines.
 10484 | D:10     | Noticed a two-headed ogre
 10500 | D:10     | Killed a two-headed ogre
 11002 | D:10     | Noticed an ice dragon
 11010 | D:10     | Killed an ice dragon
 11012 | D:10     | Noticed a stone giant
 11013 | D:10     | Hit by a large rock thrown by a stone giant

Skill      XL: |  1  2  3  4  5  6  7  8  9 10 11 |
---------------+----------------------------------+-----
Ice Magic      | 2 3 4 5 |  5.8
Spellcasting   | 5 6 7 8 |  8.2
Invocations    | 1 2 3 4 5 6 7 |  7.1
Short Blades   | 1 2 3 4 5 6 |  6.4
Long Blades    | 1 2 3 4 5 6 |  6.4
Axes           | 1 2 3 4 5 6 |  6.4
Maces & Flails | 1 2 3 4 5 6 |  6.4
Polearms       | 1 2 3 4 5 6 |  6.4
Staves         | 1 2 3 4 5 6 |  6.4
Slings         | 1 2 3 4 5 6 |  6.4
Bows           | 1 2 3 4 5 6 |  6.4
Crossbows      | 1 2 3 4 5 6 |  6.4
Dodging        | 1 2 3 4 5 6 |  6.4
Stealth        | 1 2 3 4 5 6 |  6.4
Shields        | 1 2 3 4 5 6 |  6.4
Unarmed Combat | 1 2 3 4 5 6 |  6.4
Evocations     | 1 2 3 4 5 6 |  6.4
Armour         | 3 4 5 6 7 |  7.0
Conjurations   | 1 2 3 4 5 |  5.3
Hexes          | 1 2 3 4 5 |  5.3
Charms         | 1 2 3 4 5 |  5.3
Summonings     | 1 2 3 4 5 |  5.3
Necromancy     | 1 2 3 4 5 |  5.3
Translocations | 1 2 3 4 5 |  5.3
Transmutations | 1 2 3 4 5 |  5.3
Fire Magic     | 1 2 3 4 5 |  5.3
Air Magic      | 1 2 3 4 5 |  5.3
Earth Magic    | 1 2 3 4 5 |  5.3
Poison Magic   | 1 2 3 4 5 |  5.3
Throwing       | 5 6 7 8 |  8.0
Fighting       | 9 10 | 10.6

Action                   |  1- 3 |  4- 6 |  7- 9 | 10-12 || total
-------------------------+-------+-------+-------+-------++-------
Melee: Mace              |   106 |    96 |       |       ||   202
       Club              |     5 |       |       |       ||     5
       Bite              |    15 |    18 |    32 |    87 ||   152
       Flail             |       |    35 |    94 |       ||   129
       Punch             |       |     1 |     2 |    12 ||    15
       Long sword        |       |       |   174 |   232 ||   406
       Scimitar          |       |       |       |   146 ||   146
 Fire: Hunting sling     |       |    21 |    19 |    41 ||    81
       Hand crossbow     |       |       |       |     5 ||     5
Evoke: Wand              |       |       |    15 |    19 ||    34
  Use: Potion            |     4 |       |     1 |       ||     5
       Scroll            |       |       |     7 |     5 ||    12
 Stab: Sleeping          |       |     3 |       |       ||     3
       Distracted        |       |       |     1 |     3 ||     4
       Confused          |       |       |       |     1 ||     1
  Eat: Chunk             |     1 |     5 |     5 |       ||    11
       Ration            |       |       |     2 |     5 ||     7
Armor: Ring mail         |    54 |    39 |       |       ||    93
       Chain mail        |       |    32 |   183 |   220 ||   435
Dodge: Dodged            |    85 |    92 |   170 |   319 ||   666
       Rpst.: Long sword |       |       |    31 |    62 ||    93
       Scimitar          |       |       |       |    24 ||    24
